 Dungeon Crawl Stone Soup version 0.26-a0-771-g060e6a62af (webtiles) character file.

Game seed: 9505982540399032194

20 mhtbhm the Chopper (level 2, 0/40 HPs)
             Began as a Minotaur Berserker on Nov 8, 2020.
             Was a Follower of Trog.
             Slain by an ogre
             ... wielding a +0 giant club
              (6 damage)
             ... on level 2 of the Dungeon.
             The game lasted 00:01:09 (1188 turns).

mhtbhm the Chopper (Minotaur Berserker)             Turns: 1188, Time: 00:01:10

Health: 0/40       AC:  6    Str: 21    XL:     2   Next: 58%
Magic:  1/1        EV:  5    Int:  4    God:    Trog [*.....]
Gold:   64         SH: 11    Dex:  9    Spells: 1/1 levels left

rFire    . . .     SeeInvis .   a - +0 hand axe
rCold    . . .     Faith    .   g - +0 tower shield
rNeg     . . .     Spirit   .   b - +0 scale mail
rPois    .         Reflect  .   (helmet restricted)
rElec    .         Harm     .   (no cloak)
rCorr    .         Rampage  .   (no gloves)
MR       .....                  (no boots)
Stlth    ..........             (no amulet)
HPRegen  0.13/turn              (no ring)
MPRegen  0.07/turn              (no ring)

@: berserking, very quick
A: retaliatory headbutt, horns 2
a: Berserk, Renounce Religion


You were on level 2 of the Dungeon.
You worshipped Trog.
Trog was aware of your devotion.
You visited 1 branch of the dungeon, and saw 2 of its levels.

You collected 64 gold pieces.

Inventory:

Hand Weapons
 a - a +0 hand axe (weapon)
Armour
 b - a +0 scale mail (worn)
 g - a +0 tower shield (worn)
Jewellery
 l - an uncursed ring of resist corrosion {unknown}
Scrolls
 c - a scroll of blinking {unknown}
 d - 3 scrolls of identify {unknown}
 f - 2 scrolls of noise {unknown}
 i - 5 scrolls of teleportation {unknown}
 m - 2 scrolls of random uselessness {unknown}
Potions
 e - a potion of heal wounds {unknown}
 h - a potion of degeneration {unknown}
 j - a potion of berserk rage {unknown}
 k - 2 potions of might {unknown}


   Skills:
 + Level 4.1 Fighting
 + Level 4.1 Axes
 + Level 2.5 Armour
 + Level 2.4 Dodging


You had one spell level left.
You didn't know any spells.
Your spell library was empty.

Dungeon Overview and Level Annotations

Branches:
Dungeon (2/15)

Altars:
Xom


Innate Abilities, Weirdness & Mutations

You reflexively headbutt those who attack you in melee.
You have a pair of horns on your head.


Message History

Trog accepts your kill.
No target in view!
No target in view!
No target in view!
No target in view!
An ogre comes into view. It is wielding a +0 giant club.
The ogre shouts!
You hear an angry hiss.
An ogre is nearby!
An ogre is nearby!
The ogre hits you with a +0 giant club!
Ouch! That really hurt!
You are too injured to fight recklessly!
Okay, then.
A red film seems to cover your vision as you go berserk!
You feel yourself moving faster!
You feel mighty!
A leopard gecko comes into view.
You barely miss the ogre. The ogre hits you with a +0 giant club!
* * * LOW HITPOINT WARNING * * *
You barely miss the ogre. The ogre hits you with a +0 giant club.
You die...

#.######.......##...
#...............#...
########........####
#....###.# #....#
#.# ###### #.#
#############.#
#...........#.#
#@#########.#.# #O#
#....#.# ...
#....#.# #....
#....#.# #.l...
####.#.# #......
#.#.# ##.#.... #.#.#
#.#..... #...# #####


You could see an ogre and a leopard gecko.

Vanquished Creatures
  An adder skeleton (D:2)
  2 giant cockroaches
  3 hobgoblins
  2 frilled lizards
  2 goblins (D:1)
  4 kobolds (D:1)
  3 rats (D:1)
17 creatures vanquished.

Notes
Turn   | Place    | Note
-------+----------+-------------------------------------------
     0 | D:1      | mhtbhm the Minotaur Berserker began the quest for the Orb.
     0 | D:1      | Reached XP level 1. HP: 19/19 MP: 0/0
   507 | D:1      | Reached XP level 2. HP: 23/27 MP: 1/1
  1068 | D:2      | Found a shimmering altar of Xom.
  1184 | D:2      | Noticed an ogre
  1188 | D:2      | Slain by an ogre

Illustrated notes

Levels and vault maps discovered:
D:1:      lemuel_arrival_funnel, layout_basic, patterned_corridor
D:2:      layout_basic, gammafunk_temple_overflow_wave, xom_teletrap_fun,
          nicolae_overflow_crystal_walls, uniq_robin

Skill      XL: |  1  2 |
---------------+-------+-----
Axes           | 4 |  4.1
Fighting       | 4 |  4.1
Armour         | |  2.5
Dodging        | |  2.4

Action                   || total
-------------------------++-------
Melee: Hand axe          ||    42
       Headbutt          ||     4
Invok: Berserk           ||     1
Armor: Scale mail        ||    12
       Animal skin       ||     2
Dodge: Dodged            ||    17
Block: Tower shield      ||     8

Table legend: (Time is in decaauts)
 A = Elapsed time spent in this place.
 B = Non-inter-level travel time spent in this place.
 C = Inter-level travel time spent in this place.
 D = Time resting spent in this place.
 E = Time spent auto-exploring this place.
 F = Levels seen in this place.
 G = Mean time per level.
                   A        B        C        D        E       F      G
               +--------+--------+--------+--------+--------+-----+--------+
         Total |   1194 |   1121 |     73 |      0 |    940 |   2 |  597.0 |
       Dungeon |   1194 |   1121 |     73 |      0 |    940 |   2 |  597.0 |
               +--------+--------+--------+--------+--------+-----+--------+

Top non-repeatable levels by time:
     D:1: 1049 daAuts
     D:2: 144 daAuts
